AoeStats
← hK | RanDoM

Four Lakes

509997959Analyzed
1v1 RM · 4d ago on Sep 29, 2026· 33m 43s· 2 players
Game mode
Random Map
Map size
Tiny (2 player)
Population
200
Speed
Normal
Resources
Standard
Victory
Conquest
Starting age
Dark Age
Ending age
Imperial Age
RankedLock teamsTeams togetherTeam positionsShared explorationLock speedFull tech treeHidden civsTurbo modeCheats
Victory
Defeat
🇲🇽 Spanish · Mexico
2118
+26
🇦🇺 Aztecs · Australia
2371
-26
hK | RanDoM
7:43 Loom
9:47 Feudal Age
10:16 Double-Bit Axe
10:19 Loom
11:16 Fishing Lines
19:25 Castle Age
17:51 Fletching
18:32 Padded Archer Armor
20:19 Bow Saw
19:55 Town Watch
20:45 Leather Archer Armor
21:51 Wheelbarrow
22:25 Bloodlines
22:56 Husbandry
25:52 Horse Collar
29:34 Hand Cart
33:37 Imperial Age
32:17 Heavy Plow
31:47 Light Cavalry
34:04 Devotion
33:59 Gold Mining
STORM | Noszombie
10:04 Feudal Age
10:13 Loom
10:28 Man-at-Arms
14:27 Fishing Lines
16:21 Fletching
17:53 Double-Bit Axe
20:30 Castle Age
21:09 Scale Mail Armor
21:15 Squires
21:12 Bodkin Arrow
21:58 Eagle Warrior
22:52 Crossbowman
31:20 Ballistics
Connection lost

Rejoining the realm…

Still unreachable

The connection could not be restored.

Session expired

The server has moved on; the page needs a fresh start.